 Dungeon Sprint DCSS version 0.23.0 (webtiles) character file.

Game seed: 539138260563335967

15700000 Fang the Conqueror (level 27, -23929/249 HPs)
             Began as a Demonspawn Gladiator on Feb 13, 2019.
             Was the Champion of Makhleb.
             Annihilated by The Meatlord
             ... wielding the +7 sceptre of Torment {pain, torment}
              (24174 damage)
             ... in the Dungeon (Sprint VIII: "Arena of Blood").
             The game lasted 00:01:46 (157 turns).

Fang the Conqueror (Demonspawn Gladiator)            Turns: 157, Time: 00:01:46

Health: -23929/249 AC: 10    Str: 29    XL:     27
Magic:  0/54       EV: 40    Int: 12    God:    Makhleb [******]
Gold:   0          SH:  0    Dex: 21    Spells: 80/80 levels left

rFire    . . .     SeeInvis .   l - +∞ Axe of Woe
rCold    + . .     Gourm    .   (shield currently unavailable)
rNeg     . . .     Faith    .   b - +0 leather armour
rPois    .         Spirit   +   (helmet unavailable)
rElec    .         Reflect  .   (no cloak)
rCorr    +         Harm     .   (no gloves)
MR       ++...     NoTele   +   (no boots)
Stlth    ++++++++++             (no amulet)
HPRegen  0.51/turn              (no ring)
MPRegen  0.68/turn              (no ring)

@: mighty, agile
A: horns 3, yellow scales 3, cold resistance 1, passive freeze, powered by pain
3, magic shield, magic regeneration, magic link, freezing cloud immunity
a: Minor Destruction, Lesser Servant of Makhleb, Major Destruction, Greater
Servant of Makhleb, Renounce Religion


You were in the Dungeon.
You worshipped Makhleb.
Makhleb was exalted by your worship.
You were not hungry.

You visited 1 branch

Inventory:

Hand Weapons
 a - a +0 war axe
 l - the +∞ Axe of Woe (weapon)
   (You found it in the Dungeon)
Missiles
 d - 3 throwing nets (quivered)
Armour
 b - a +0 leather armour (worn)
 c - a +0 helmet
Jewellery
 m - a +200 ring of slaying
Scrolls
 k - a scroll of blinking
Potions
 e - a potion of curing
 g - a potion of heal wounds
 h - a potion of haste
 i - 2 potions of magic
 j - a potion of berserk rage
Comestibles
 f - a ration


   Skills:
 O Level 27 Fighting
 O Level 27 Axes
 O Level 27 Throwing
 O Level 27 Armour
 O Level 27 Dodging
 O Level 27 Stealth
 O Level 27 Unarmed Combat
 O Level 27 Spellcasting
 O Level 27 Invocations


You had 80 spell levels left.
You didn't know any spells.
Your spell library was empty.

Dungeon Overview and Level Annotations

Branches:
Dungeon (1/1)

Altars:
Makhleb

Annotations:
D The Meatlord


Innate Abilities, Weirdness & Mutations

You have a pair of large horns on your head.
You are completely covered in yellow scales. (AC +4, rCorr)
Your flesh is cold resistant. (rC+)
A frigid envelope surrounds you and freezes all who hurt you.
You are powered by pain.
When hurt, damage is shared between your health and your magic reserves.
You regenerate magic rapidly.
When low on magic, you restore magic in place of health.
You are immune to freezing clouds.


Message History

You feel better.
The Meatlord waves its arms in wide circles.
The air twists around and strikes you!
You focus on the pain.
You feel your power returning.
You hear a shout! x2
You slice the bag of meat!!
You dissect the bag of meat like a pig carcass.
You kill the bag of meat!
Makhleb accepts your kill.
You feel better.
You hear a shout!
The Meatlord gestures.
You see a puff of smoke. x4
You slice the Tzitzimitl!!
You hew the Tzitzimitl savagely.
You kill the Tzitzimitl!
You hear a shout! x3
You hear a shout! x2
The Meatlord hits you with the +7 sceptre of Torment {pain, torment}!!!!!!!!!!!!
Ouch! That really hurt!
You die...

......###))).)).###....
......).)..###)........
...#..)))).._........o.
#.....).#))...#.......
.........#_)<._#.......
.#.......#)))))#......#
...#.....)))_...)......
........o))###.........
......###%@).)).###....
...... #%&.1)))# ...
.......#.....))#.... .
........).1.))))......
.#..........)......#..
.........%.......#...
#..............##....
.....#........#.....
............%.#...###


You could see The Meatlord, 2 Tzitzimimeh and a bag of meat.

Vanquished Creatures
  3 vampire knights (D)
  18 ogres (D)
  5 two-headed ogres (D)
  88 orcs (D)
114 creatures vanquished.

Notes
Turn   | Place    | Note
-------+----------+-------------------------------------------
     0 | D        | Found the +∞ Axe of Woe
     0 | D        | Fang the Demonspawn Gladiator began the quest for the Orb.
     0 | D        | Reached XP level 1. HP: 16/16 MP: 1/1
     2 | D        | Noticed a bag of meat
     4 | D        | Became a worshipper of Makhleb the Destroyer
     6 | D        | Noticed a bag of meat
     6 | D        | Noticed a bag of meat
     6 | D        | Noticed a bag of meat
     7 | D        | Noticed a bag of meat
     8 | D        | Noticed a meat berserker
    12 | D        | Killed a bag of meat
    12 | D        | Gained mutation: You are partially covered in yellow
                  | scales. (AC +2) [demonic ancestry]
    12 | D        | Reached XP level 2. HP: 43/43 MP: 2/2
    12 | D        | Reached XP level 3. HP: 49/49 MP: 3/3
    12 | D        | Gained mutation: When hurt, damage is shared between your
                  | health and your magic reserves. [demonic ancestry]
    12 | D        | Reached XP level 4. HP: 56/56 MP: 4/4
    12 | D        | Gained mutation: You are mostly covered in yellow scales.
                  | (AC +3) [demonic ancestry]
    12 | D        | Reached XP level 5. HP: 62/62 MP: 5/5
    12 | D        | Reached XP level 6. HP: 69/69 MP: 6/6
    12 | D        | Gained mutation: You sometimes gain a little power by
                  | taking damage. [demonic ancestry]
    12 | D        | Reached XP level 7. HP: 75/75 MP: 7/7
    12 | D        | Reached XP level 8. HP: 82/82 MP: 8/8
    12 | D        | Gained mutation: You sometimes gain power by taking damage.
                  | [demonic ancestry]
    12 | D        | Reached XP level 9. HP: 88/88 MP: 9/9
    12 | D        | Reached XP level 10. HP: 95/95 MP: 10/10
    12 | D        | Gained mutation: You are completely covered in yellow
                  | scales. (AC +4, rCorr) [demonic ancestry]
    12 | D        | Reached XP level 11. HP: 101/101 MP: 11/11
    12 | D        | Killed a bag of meat
    12 | D        | Reached * piety under Makhleb
    12 | D        | Reached skill level 15 in Axes
    12 | D        | Reached skill level 15 in Throwing
    12 | D        | Reached skill level 15 in Dodging
    12 | D        | Gained mutation: You have a pair of small horns on your
                  | head. [demonic ancestry]
    12 | D        | Reached XP level 12. HP: 113/113 MP: 12/12
    12 | D        | Noticed a bag of meat
    13 | D        | Killed a bag of meat
    13 | D        | Gained mutation: You are powered by pain. [demonic
                  | ancestry]
    13 | D        | Reached XP level 13. HP: 122/122 MP: 13/13
    13 | D        | Killed a meat berserker
    13 | D        | Reached XP level 14. HP: 136/136 MP: 14/14
    15 | D        | Noticed a bag of meat
    15 | D        | Noticed a large bag of meat
    16 | D        | Killed a bag of meat
    16 | D        | Reached ** piety under Makhleb
    16 | D        | Reached XP level 15. HP: 144/144 MP: 12/15
    18 | D        | Killed a large bag of meat
    20 | D        | Reached XP level 16. HP: 115/157 MP: 16/16
    21 | D        | Reached *** piety under Makhleb
    22 | D        | Noticed a meat berserker
    23 | D        | Noticed a meat berserker
    25 | D        | Noticed a meat berserker
    25 | D        | Noticed a meat berserker
    26 | D        | Gained mutation: You have a pair of horns on your head.
                  | [demonic ancestry]
    26 | D        | Reached XP level 17. HP: 169/169 MP: 14/17
    26 | D        | Reached **** piety under Makhleb
    26 | D        | Noticed a meat berserker
    26 | D        | Noticed a large bag of meat
    27 | D        | Killed a meat berserker
    27 | D        | Reached skill level 27 in Fighting
    27 | D        | Noticed a large bag of meat
    28 | D        | Killed a meat berserker
    28 | D        | Reached XP level 18. HP: 182/182 MP: 14/18
    28 | D        | Reached skill level 27 in Axes
    28 | D        | Reached skill level 27 in Throwing
    28 | D        | Reached skill level 27 in Dodging
    28 | D        | Reached skill level 5 in Armour
    28 | D        | Reached skill level 5 in Stealth
    28 | D        | Reached skill level 5 in Unarmed Combat
    28 | D        | Reached skill level 5 in Spellcasting
    30 | D        | Killed a meat berserker
    30 | D        | Reached ***** piety under Makhleb
    30 | D        | Reached skill level 10 in Armour
    30 | D        | Reached skill level 10 in Unarmed Combat
    30 | D        | Reached skill level 10 in Spellcasting
    30 | D        | Killed a meat berserker
    30 | D        | Reached XP level 19. HP: 189/189 MP: 25/36
    31 | D        | Reached skill level 15 in Stealth
    32 | D        | Killed a meat berserker
    32 | D        | Gained mutation: You have a pair of large horns on your
                  | head. [demonic ancestry]
    32 | D        | Reached XP level 20. HP: 197/197 MP: 25/40
    34 | D        | Reached ****** piety under Makhleb
    34 | D        | Noticed a destroyer
    35 | D        | Killed a large bag of meat
    35 | D        | Reached skill level 27 in Invocations
    35 | D        | Gained mutation: Your flesh is cold resistant. (rC+)
                  | [demonic ancestry]
    35 | D        | Reached XP level 21. HP: 204/204 MP: 22/46
    36 | D        | Killed a large bag of meat
    40 | D        | Reached XP level 22. HP: 212/212 MP: 15/51
    42 | D        | Killed a destroyer
    42 | D        | Reached skill level 27 in Stealth
    42 | D        | Reached skill level 27 in Unarmed Combat
    44 | D        | Reached skill level 27 in Armour
    44 | D        | Reached skill level 27 in Spellcasting
    45 | D        | Noticed a destroyer
    51 | D        | Killed a destroyer
    51 | D        | Reached XP level 23. HP: 152/219 MP: 34/54
    61 | D        | Noticed a large bag of meat
    67 | D        | Gained mutation: You are immune to freezing clouds.
                  | [demonic ancestry]
    67 | D        | Reached XP level 24. HP: 227/227 MP: 39/54
    71 | D        | Killed a large bag of meat
    71 | D        | Gained mutation: You regenerate magic rapidly. [demonic
                  | ancestry]
    71 | D        | Reached XP level 25. HP: 234/234 MP: 34/54
    81 | D        | Gained mutation: A frigid envelope surrounds you and
                  | freezes all who hurt you. [demonic ancestry]
    81 | D        | Reached XP level 26. HP: 218/242 MP: 26/54
    91 | D        | Noticed a destroyer
    93 | D        | Killed a destroyer
    93 | D        | Gained mutation: When low on magic, you restore magic in
                  | place of health. [demonic ancestry]
    93 | D        | Reached XP level 27. HP: 249/249 MP: 45/54
    96 | D        | Noticed a large bag of meat
   103 | D        | Killed a large bag of meat
   149 | D        | Noticed The Meatlord
   157 | D        | Annihilated by The Meatlord

Skill      XL: |  1  2  3  4  5  6  7  8  9 10 11 12 13 14 15 16 17 18 19 20 21 22 |
---------------+-------------------------------------------------------------------+-----
Fighting       | 14 16 18 20 21 23 25 27 | 27.0
Axes           | 13 15 17 19 21 23 26 27 | 27.0
Throwing       | 13 15 16 18 19 21 23 26 27 | 27.0
Dodging        | 13 15 17 19 21 23 26 27 | 27.0
Armour         | 13 16 21 25 27 | 27.0
Stealth        | 14 18 22 26 27 | 27.0
Unarmed Combat | 13 16 21 25 27 | 27.0
Spellcasting   | 13 16 21 25 27 | 27.0
Invocations    | 17 22 27 | 27.0

Action                   |  1- 3 |  4- 6 |  7- 9 | 10-12 | 13-15 | 16-18 | 19-21 | 22-24 | 25-27 || total
-------------------------+-------+-------+-------+-------+-------+-------+-------+-------+-------++-------
Melee: Executioner's axe |     1 |       |       |     1 |     3 |     6 |    10 |    12 |    48 ||    81
Dodge: Dodged            |       |       |       |     1 |       |     1 |       |     2 |     3 ||     7
